 Dungeon Crawl Stone Soup version 0.30-a0-626-gd6a5dd7a1f (webtiles) character file.

Game seed: 15079217334431139062

2102 avis the Martial Artist (level 8, -1/68 HPs)
             Began as a Demigod Warper on Jan 11, 2023.
             Slain by a kobold brigand
             ... wielding a +3 short sword
              (5 damage)
             ... on level 6 of the Dungeon on Jan 12, 2023.
             The game lasted 00:53:23 (7405 turns).

avis the Martial Artist (Demigod Warper)            Turns: 7405, Time: 00:53:24

Health: -1/68      AC:  5    Str: 12    XL:     8   Next: 80%
Magic:  0/14       EV: 12    Int: 15    God:
Gold:   223        SH:  0    Dex: 21    Spells: 2/11 levels left

rFire   . . .      SeeInvis .      - Unarmed
rCold   . . .      Faith    .    (no shield)
rNeg    . . .      Spirit   +    x - +2 leather armour {rPois}
rPois   +          Reflect  .    p - +0 helmet
rElec   .          Harm     .    F - +0 cloak
rCorr   .          Rampage  .    A - +1 pair of gloves
Will    .....                    (no boots)
Stlth   ++                       e - amulet of guardian spirit
HPRegen 0.31/turn                (no ring)
MPRegen 0.14/turn                (no ring)

@: grasped by roots, corroded, constricted
A: high MP 1, forlorn, divine attributes
a: no special abilities


You were on level 6 of the Dungeon.
You visited 2 branches of the dungeon, and saw 7 of its levels.
You also visited: Sewer.

You collected 361 gold pieces.
You spent 138 gold pieces at shops.

Inventory:

Hand Weapons
 H - a +2 dagger of venom
Missiles
 c - 7 boomerangs of dispersal
 r - 5 boomerangs (quivered)
Armour
 p - a +0 helmet (worn)
 x - a +2 leather armour of poison resistance (worn)
 A - a +1 pair of gloves (worn)
 F - a +0 cloak (worn)
Jewellery
 e - an amulet of guardian spirit (around neck)
 v - a ring of fire
Wands
 s - a wand of polymorph (7)
 w - a wand of roots (1)
 C - a wand of charming (12)
Scrolls
 b - 5 scrolls of blinking
 d - a scroll of butterflies {unknown}
 g - 2 scrolls of vulnerability {unknown}
 h - a scroll of fog {unknown}
 i - a scroll of teleportation
 j - 3 scrolls of poison
 l - a scroll of enchant weapon {unknown}
 q - a scroll of magic mapping
 B - 3 scrolls of fear {unknown}
 E - 2 scrolls of enchant armour {unknown}
Potions
 a - a potion of magic {unknown}
 f - a potion of resistance {unknown}
 t - 3 potions of curing
 u - 2 potions of invisibility {unknown}
 z - 3 potions of flight
 G - 3 potions of might
Miscellaneous
 y - a box of beasts


   Skills:
 - Level 5.0 Fighting
 - Level 1.0 Throwing
 - Level 1.0 Armour
 * Level 5.4 Dodging
 - Level 8.0 Unarmed Combat
 - Level 2.0 Spellcasting
 - Level 4.0 Translocations


You had 2 spell levels left.
You knew the following spells:

 Your Spells              Type           Power      Damage    Failure   Level
b - Blink                 Tloc           26%        N/A       9%          2
l - Teleport Other        Tloc           13%        N/A       16%         3
m - Manifold Assault      Tloc           13%        N/A       47%         4

Your spell library contained the following spells:

 Spells                   Type           Power      Damage    Failure   Level
 Momentum Strike          Conj/Tloc      14%        3d8       19%         2
 Magic Dart               Conj           4%         1d3       28%         1
 Necrotise                Necr           4%         1d4       28%         1
 Searing Ray              Conj           2%         2d4       38%         2
 Lesser Beckoning         Tloc           26%        N/A       16%         3
 Vhi's Electric Charge    Tloc/Air       14%        N/A       36%         3
 Vampiric Draining        Necr           1%         2d6       63%         3
 Fulminant Prism          Conj/Hex       0%         3d5       95%         4
 Agony                    Necr           1%         N/A       100%        5


Dungeon Overview and Level Annotations

Branches:
Dungeon (6/15)             Temple (1/1) D:5           Sewer (visited)

Shops:
D:1 [

Annotations:
D:6 Dowan, Maggie, Menkaure, Pikel


Innate Abilities, Weirdness & Mutations

You have an increased reservoir of magic. (+10% MP)
You shall have no god before yourself.
Your divine heritage dramatically boosts your attributes as you level up.


Message History

Dowan closely misses you. Duvessa hits you with a +0 rapier!
You hit Duvessa.
Duvessa is severely wounded.
Dowan zaps a wand.
The roots erupt in riotous growth!
The grasping roots grab you!
Duvessa is unaffected.
Dowan is unaffected.
The grasping roots constrict you. Duvessa hits you with a +0 rapier.
You punch Duvessa!
Duvessa is almost dead.
Dowan completely misses you. The grasping roots constrict you.
The kobold brigand closely misses you. Duvessa barely misses you.
Dowan barely misses you. The grasping roots constrict you.
You hit Duvessa.
You kill Duvessa!
Dowan screams, "No!
No!"
Dowan seems to find hidden reserves of power!
Dowan points at you and mumbles some strange words.
The stone arrow hits you!
* * * LOW HITPOINT WARNING * * *
The grasping roots constrict you.
* * * LOW HITPOINT WARNING * * *
The kobold brigand hits you with a +3 short sword.
* * * LOW HITPOINT WARNING * * *
The jelly barely misses you.
The grasping roots release their grip on you.
You punch the jelly!
Your hands burn!
* * * LOW HITPOINT WARNING * * *
The jelly is heavily wounded.
Dowan hits you with a +0 dagger.
* * * LOW HITPOINT WARNING * * *
You hit the jelly. The acid corrodes you!
Your hands burn!
* * * LOW HITPOINT WARNING * * *
The jelly is heavily wounded.
Dowan zaps a wand.
The roots erupt in riotous growth!
The grasping roots grab you!
The jelly is unaffected.
The kobold brigand is unaffected.
Dowan is unaffected.
The grasping roots constrict you.
* * * LOW HITPOINT WARNING * * *
The kobold brigand hits you with a +3 short sword!
You die...

,.............##.######.## ###
,...$.......(....## #..####.#
,.............)#..# #...##..###
......!.<.....##.## ##........#
..............>...### #.......##
.^.....!............#**#....####
,......$............##.........##
#...............................#
..J....###.##..J@K.#.#...........
.......# ###!..)e......#...#.....
....##.###.......(...h.~~~~~...#.
.....#...............#~~~~~~~#...
..............####...~~~~~~~~~...
..............####....~~~.~~~....
........$.....##......~~~~~~~....
..............#......#~~~~~~~#...
...#.................))~~~~~.....


You could see a black bear, a kobold brigand, Dowan (fast) and a jelly.

Vanquished Creatures
  Prince Ribbit (D:6)
  Sigmund (D:3)
  Duvessa (D:6)
  A black bear (D:5)
  3 ice beasts
  An ogre (D:5)
  A lemure (D:6)
  Blork the orc (D:5)
  2 necrophages
  4 bullfrogs
  A gnoll sergeant (D:5)
  A scorpion (D:5)
  A wight (D:6)
  An electric eel (D:6)
  3 hounds
  Ijyb (D:3)
  An iguana (D:5)
  2 orc wizards (D:5)
  Robin (D:3)
  6 gnolls
  13 adders
  3 river rats (Sewer)
  A shadow imp (D:5)
  A white imp (D:6)
  2 worms
  A dart slug (D:4)
  22 orcs
  15 ball pythons
  7 endoplasms
  2 giant cockroaches
  13 goblins
  14 hobgoblins
  8 jackals
  4 quokkas
  8 bats
  4 frilled lizards
  11 kobolds
  19 rats
182 creatures vanquished.

Vanquished Creatures (others)
  2 plants (D:6)
2 creatures vanquished.

Grand Total: 184 creatures vanquished

Notes
Turn   | Place    | Note
-------+----------+-------------------------------------------
     0 | D:1      | avis the Demigod Warper began the quest for the Orb.
     0 | D:1      | Reached XP level 1. HP: 17/17 MP: 5/5
    88 | D:1      | Reached skill level 2 in Unarmed Combat
   250 | D:1      | Reached skill level 1 in Armour
   388 | D:1      | Reached XP level 2. HP: 21/24 MP: 4/7
   417 | D:1      | Learned a level 2 spell: Blink
   725 | D:1      | Found Cytup's Armour Boutique.
   881 | D:1      | Reached skill level 1 in Throwing
  1130 | D:2      | Reached XP level 3. HP: 18/29 MP: 5/8
  1806 | D:3      | Noticed Robin
  2318 | D:3      | Killed Robin
  2319 | D:3      | Reached XP level 4. HP: 24/38 MP: 5/9
  2585 | D:3      | Noticed Sigmund
  2631 | D:3      | Killed Sigmund
  2632 | D:3      | Reached skill level 4 in Unarmed Combat
  2632 | D:3      | Reached XP level 5. HP: 4/45 MP: 1/10
  2632 | D:3      | HP: 2/45 [orc/+0 club (3)]
  2966 | D:3      | Noticed Ijyb
  2990 | D:3      | Killed Ijyb
  3444 | D:1      | Bought a +1 pair of gloves for 138 gold pieces
  3667 | D:4      | Reached XP level 6. HP: 50/51 MP: 9/11
  3730 | D:4      | Reached skill level 5 in Unarmed Combat
  4825 | D:4      | Learned a level 3 spell: Teleport Other
  4830 | D:4      | Learned a level 4 spell: Manifold Assault
  4831 | D:5      | Entered Level 5 of the Dungeon
  5085 | D:5      | Reached XP level 7. HP: 35/57 MP: 10/13
  5262 | D:5      | Reached skill level 5 in Dodging
  5463 | D:5      | Noticed Blork the orc
  5479 | D:5      | Killed Blork the orc
  6002 | D:5      | Found a staircase to the Ecumenical Temple.
  6009 | Temple   | Entered the Ecumenical Temple
  6239 | D:6      | Noticed Menkaure
  6241 | D:6      | Reached skill level 5 in Fighting
  6280 | D:5      | Reached XP level 8. HP: 57/68 MP: 10/14
  6327 | D:6      | Noticed Prince Ribbit
  6349 | D:6      | Noticed Pikel
  6365 | D:6      | Noticed Maggie
  6473 | D:6      | Found a glowing drain.
  6497 | Sewer    | Entered a sewer
  6701 | Sewer    | Reached skill level 6 in Unarmed Combat
  7115 | D:6      | Killed Prince Ribbit
  7116 | D:6      | Reached skill level 7 in Unarmed Combat
  7385 | D:6      | Reached skill level 8 in Unarmed Combat
  7386 | D:6      | Noticed Dowan
  7387 | D:6      | Noticed Duvessa
  7403 | D:6      | Killed Duvessa
  7405 | D:6      | Slain by a kobold brigand

Illustrated notes

Levels and vault maps discovered:
D:1:      minmay_arrival_hallway, layout_basic, serial_shops, shop_statue,
          st_stairs_5, serial_bayou_crossing
D:2:      layout_rooms, minmay_pentomino_v4
D:3:      minmay_recursive_quarters, layout_rooms, nemelex_spade_bored_becter,
          uniq_robin, uniq_ijyb, uniq_sigmund
D:4:      layout_basic
D:5:      layout_rooms, minmay_temple_entry_fiery, fountainhead,
          uniq_blork_the_orc
D:6:      cheibrodos_thug_alley, layout_cave_pools,
          cheibrodos_sewer_entry_drain, serial_bayou_pond_b, uniq_maggie,
          uniq_prince_ribbit1, uniq_eustachio, uniq_pikel, uniq_menkaure,
          uniq_duvessa
Temple:   nicolae_temple_no_exploring_needed

Skill      XL: |  1  2  3  4  5  6  7  8 |
---------------+-------------------------+-----
Fighting       | 2 3 5 |  5.0
Unarmed Combat | 2 4 5 8 |  8.0
Armour         | 1 |  1.0
Dodging        | 2 4 5 |  5.4
Spellcasting   | 2 |  2.0
Translocations | 3 4 |  4.0
Throwing       | 1 |  1.0

Action                   |  1- 3 |  4- 6 |  7- 9 || total
-------------------------+-------+-------+-------++-------
Melee: Unarmed           |   272 |   268 |   392 ||   932
       Punch             |     7 |     5 |    22 ||    34
Throw: Boomerang         |       |     5 |    83 ||    88
 Cast: Teleport Other    |       |       |     1 ||     1
  Use: Potion            |       |     3 |     1 ||     4
       Scroll            |       |       |    11 ||    11
 Stab: Sleeping          |     1 |     2 |     1 ||     4
Armor: Leather armour    |    73 |    77 |   176 ||   326
       Skin              |       |    11 |       ||    11
Dodge: Dodged            |   214 |   154 |   281 ||   649

Table legend: (Time is in decaauts)
 A = Elapsed time spent in this place.
 B = Non-inter-level travel time spent in this place.
 C = Inter-level travel time spent in this place.
 D = Time resting spent in this place.
 E = Time spent auto-exploring this place.
 F = Levels seen in this place.
 G = Mean time per level.
                   A        B        C        D        E       F      G
               +--------+--------+--------+--------+--------+-----+--------+
         Total |   7421 |   6954 |    467 |   1988 |   2441 |   8 |  927.6 |
       Dungeon |   6672 |   6205 |    467 |   1828 |   2441 |   6 | 1112.0 |
        Temple |    148 |    148 |      0 |    123 |      0 |   1 |  148.0 |
         Sewer |    599 |    599 |      0 |     37 |      0 |   1 |  599.0 |
               +--------+--------+--------+--------+--------+-----+--------+

Top non-repeatable levels by time:
     D:5: 1348 daAuts
     D:4: 1274 daAuts
     D:3: 1247 daAuts
     D:2: 1207 daAuts
     D:1: 1141 daAuts
   Sewer: 599 daAuts
     D:6: 453 daAuts
  Temple: 148 daAuts
